 Dungeon Crawl Stone Soup version 0.31.0-12-g77e489cdc1 (webtiles) character file.

Game seed: 6565624342969062012

164 Baz the Changeling (level 5, -2/34 HPs)
             Began as an Octopode Shapeshifter on Feb 27, 2024.
             Was a Believer of Lugonu.
             Slain by an ufetubus (4 damage)
             ... on level 3 of the Dungeon.
             The game lasted 00:05:34 (2258 turns).

Baz the Changeling (Octopode Shapeshifter)          Turns: 2258, Time: 00:05:35

Health: -2/34      AC:  1    Str: 14    XL:     5   Next: 45%
Magic:  6/6        EV: 13    Int: 14    God:    Lugonu [**....]
Gold:   140        SH:  0    Dex: 11    Spells: 4/4 levels left

rFire   . .          .
                       - Unarmed
rCold   . . .        (no shield)
rNeg    . . .        (helmet currently unavailable)
rPois   .            (no amulet)
rElec   .            (no ring)
rCorr   .            (no ring)
SInv    .            (no ring)
Will    .....        (no ring)
Stlth   +++          (no ring)
HPRegen 0.25/turn    (no ring)
MPRegen 0.10/turn    (no ring)
                     (no ring)

%: no passive effects
@: beast-form
A: beast (slay +2), almost no armour, amphibious, 8 rings, camouflage 1,
gelatinous body 1, (nimble swimmer 1), tentacles
a: Begin Untransformation, Renounce Religion, Depart the Abyss, Banish


You were on level 3 of the Dungeon.
You worshipped Lugonu.
Lugonu was pleased with you.
You were a hulking beast.
You visited 1 branch of the dungeon, and saw 3 of its levels.

You collected 140 gold pieces.

Inventory:

Jewellery
 o - an amulet of the acrobat
Talismans
 b - a beast talisman
 c - a flux talisman
 g - a maw talisman
Wands
 a - a wand of flame (9)
Scrolls
 i - 2 scrolls of torment {unknown}
 j - a scroll of butterflies {unknown}
 k - a scroll of noise {unknown}
 n - a scroll of enchant armour {unknown}
 p - a scroll of identify {unknown}
Potions
 d - a potion of heal wounds {unknown}
 e - 3 potions of haste {unknown}
 f - a potion of attraction {unknown}
 h - a potion of enlightenment {unknown}
 l - a potion of might {unknown}
 m - a potion of curing {unknown}
 q - a potion of ambrosia {unknown}


   Skills:
 + Level 2.0 Fighting
 + Level 2.7 Dodging
 - Level 2.1 Stealth
 + Level 3.5 Unarmed Combat
 * Level 1.9 Invocations
 * Level 3.9 Shapeshifting


You had 4 spell levels left.
You didn't know any spells.
Your spell library was empty.

Dungeon Overview and Level Annotations

Branches:
Dungeon (3/15)

Altars:
Fedhas
Lugonu

Annotations:
D:2 exclusion: giant cockroach, Sigmund


Innate Abilities, Weirdness & Mutations

You are a hulking beast.
Your limbs bulge with bestial killing power. (Slay +2)
You cannot wear most types of armour.
You are amphibious.
You can wear up to eight rings at the same time.
Your skin changes colour to match your surroundings (Stealth+).
Your rubbery body absorbs attacks. (AC +1, EV +1)
((You are camouflaged when in or above water. (Stealth+)))
You have tentacles for arms and can constrict up to eight enemies at once.


Message History

You kill the goblin!
Lugonu accepts your kill.
You see here a +0 club.
q - a glowing yellow potion An ufetubus comes into view.
An ufetubus is nearby!
A ribbon worm, an ufetubus and a ball python come into view.
Found 4 gold pieces.
The ufetubus shouts! x2; The ball python hisses angrily.
The ufetubus hits you. The ufetubus misses you.
You tentacle-slap the ufetubus but do no damage.
Your grab misses the ufetubus. You squeeze the ufetubus!
You kill the ufetubus!
Lugonu accepts your kill. The ufetubus slips past you!
The ufetubus hits you. x2
The ball python barely misses you. The ball python grabs you.
The ball python constricts you. The ufetubus attacks as it pursues you!
The ufetubus closely misses you. The ufetubus hits you.
The ribbon worm barely misses you.
The ball python's grasp on you weakens, but your attempt to escape fails.
The ufetubus misses you. The ufetubus hits you.
The ball python closely misses you. The ball python constricts you.
The ufetubus hits you. x2; The ribbon worm bites you.
* * * LOW HITPOINT WARNING * * *
The ball python barely misses you. The ball python constricts you.
You tentacle-slap the ribbon worm. You grab the ribbon worm.
The ribbon worm is lightly wounded.
You constrict the ribbon worm. The ufetubus completely misses you.
The ufetubus barely misses you. The ball python bites you.
* * * LOW HITPOINT WARNING * * *
The ball python constricts you.
* * * LOW HITPOINT WARNING * * *
You escape the ball python's grasp.
You release your grip on the ribbon worm.
The ufetubus hits you.
* * * LOW HITPOINT WARNING * * *
The ufetubus closely misses you.
The ribbon worm expels a string of sticky webbing.
The stream of webbing misses you. The ufetubus hits you.
You die...

#.##.##.# .....
##.##.##.##
#.......#
#.....##.###...#.#
####.####
#.....###.####..##
#.# #.....#
##.###.## #.
#.....# ##.#..#
####### ##.#.#
######## #....#
.###.S.5..# #.####
.......wh#.# #.#
#.#.^.##.#.# #.#
#... #.#.#######.#
.... #.#.........#
###..
#.########### #.
#.# .. ..# ###


You could see a ribbon worm (catching breath), an ufetubus and a ball python.

Vanquished Creatures
  Terence (D:2)
  An orc wizard (D:3)
  An adder (D:3)
  A white imp (D:3)
  An ufetubus (D:3)
  3 dart slugs
  3 ribbon worms
  10 orcs (D:3)
  2 ball pythons
  4 bats
  6 endoplasms
  4 giant cockroaches
  6 goblins
  5 hobgoblins (D:1)
  5 jackals (D:1)
  A quokka (D:3)
  5 frilled lizards
  3 kobolds
  6 rats
68 creatures vanquished.

Notes
Turn   | Place    | Note
-------+----------+-------------------------------------------
     0 | D:1      | Baz the Octopode Shapeshifter began the quest for the Orb.
     0 | D:1      | Reached XP level 1. HP: 13/13 MP: 1/1
   100 | D:1      | Reached XP level 2. HP: 18/18 MP: 2/2
   108 | D:1      | Reached skill level 1 in Stealth
   424 | D:1      | Reached XP level 3. HP: 22/23 MP: 3/3
   948 | D:1      | Found a faded altar of an unknown god.
   980 | D:1      | Prayed at the altar of an unknown god.
   980 | D:1      | Became a worshipper of Lugonu the Unformed
   980 | D:1      | Reached * piety under Lugonu
  1273 | D:2      | Noticed Sigmund
  1384 | D:2      | Noticed Terence
  1402 | D:2      | Killed Terence
  1403 | D:2      | Reached XP level 4. HP: 29/29 MP: 4/4
  1567 | D:3      | Reached skill level 1 in Invocations
  1649 | D:3      | Reached XP level 5. HP: 34/34 MP: 4/6
  1892 | D:3      | Reached ** piety under Lugonu
  1907 | D:3      | Found a blossoming altar of Fedhas.
  2258 | D:3      | Slain by an ufetubus

Illustrated notes

Levels and vault maps discovered:
D:1:      dpeg_arrival_fog, layout_basic, shapermc_ecumenical_altar_acropolis
D:2:      layout_rooms, minmay_quadrilaterals, uniq_terence, uniq_sigmund
D:3:      layout_loops_cross, mainiacjoe_overflow_chevrons

Skill      XL: |  1  2  3  4  5 |
---------------+----------------+-----
Stealth        | 1 2 |  2.1
Invocations    | 1 |  1.9
Fighting       | 2 |  2.0
Dodging        | |  2.7
Unarmed Combat | |  3.5
Shapeshifting  | |  3.9

Action                     |  1- 3 |  4- 6 || total
---------------------------+-------+-------++-------
  Melee: Unarmed           |    84 |    64 ||   148
         Constrict         |    20 |    19 ||    39
         Tentacles         |    11 |    10 ||    21
         Punch             |     1 |     1 ||     2
    Use: Potion            |     1 |       ||     1
   Stab: Sleeping          |    13 |       ||    13
 Armour: Skin              |    37 |    36 ||    73
  Dodge: Dodged            |    51 |    50 ||   101
